 Dungeon Crawl Stone Soup version 0.30-a0-1043-g60ff8d5f49 (webtiles) character file.

Game seed: 10801369549078008647

1992 OrthodoxDeviant the Fighter (level 9, -2/84 HPs)
             Began as a Ghoul Gladiator on Apr 10, 2023.
             Slain by a gnoll
             ... wielding a +0 spear
              (5 damage)
             ... on level 6 of the Dungeon.
             The game lasted 00:11:25 (5711 turns).

OrthodoxDeviant the Fighter (Ghoul Gladiator)       Turns: 5711, Time: 00:11:26

Health: -2/84      AC: 10    Str: 22    XL:     9   Next: 21%
Magic:  8/8        EV:  8    Int:  3    God:
Gold:   272        SH:  0    Dex: 10    Spells: 8/8 levels left

rFire   . . .      SeeInvis .    a - +0 war axe
rCold   + . .      Faith    .    (no shield)
rNeg    + + +      Spirit   .    j - +0 chain mail
rPois   ∞          Reflect  .    c - +0 helmet
rElec   .          Rampage  .    i - +0 cloak
rCorr   .                        (no gloves)
Will    +....                    (no boots) Stlth
                                 (no amulet)
HPRegen 0.00/turn                x - ring of willpower
MPRegen 0.11/turn                (no ring)

@: flying, inhibited regen
A: claws 1, cold resistance 1, negative energy resistance 3, inhibited
regeneration, torment resistance 2, devour on kill
a: no special abilities


You were on level 6 of the Dungeon.
You visited 1 branch of the dungeon, and saw 6 of its levels.

You collected 376 gold pieces.
You spent 104 gold pieces at shops.

Inventory:

Hand Weapons
 a - a +0 war axe (weapon)
Missiles
 d - a throwing net (quivered)
 e - 3 javelins
 k - 12 poisoned darts
Armour
 c - a +0 helmet (worn)
 i - a +0 cloak (worn)
 j - a +0 chain mail (worn)
 y - a +1 leather armour of willpower
Jewellery
 x - a ring of willpower (left claw)
Wands
 h - a wand of quicksilver (3)
 s - a wand of digging (4)
Scrolls
 f - 2 scrolls of enchant weapon
 g - a scroll of amnesia
 m - 2 scrolls of poison
 o - a scroll of vulnerability
 p - a scroll of enchant armour
 r - 3 scrolls of teleportation
 t - a scroll of fog
 u - a scroll of fear {unknown}
 v - a scroll of torment {unknown}
 w - a scroll of immolation {unknown}
 z - a scroll of acquirement {unknown}
Potions
 n - 4 potions of curing
 q - a potion of haste {unknown}


   Skills:
 * Level 9.4 Fighting
 * Level 8.1 Axes
 - Level 1.7 Throwing
 - Level 2.6 Dodging


You had 8 spell levels left.
You didn't know any spells.
Your spell library contained the following spells:

 Spells                   Type           Power      Damage    Failure   Level
 Blink                    Tloc           0%         N/A       100%        2
 Lesser Beckoning         Tloc           0%         N/A       100%        2
 Momentum Strike          Conj/Tloc      0%         3d8       100%        2


Dungeon Overview and Level Annotations

Branches:
Dungeon (6/15)
 Temple: D:4-7

Altars:
Cheibriados
Dithmenos
Ru
Sif Muna
Trog
Vehumet
Wu Jian

Shops:
D:5 *


Innate Abilities, Weirdness & Mutations

You are immune to poison.
You have sharp fingernails.
Your flesh is cold resistant. (rC+)
You are immune to negative energy. (rN+++)
You do not regenerate when monsters are visible.
You are immune to unholy pain and torment.
You thrive by killing the living.


Message History

A poisoned dart appears from out of thin air!
The poisoned dart hits you!
You slash the orc warrior!
The orc warrior is almost dead.
The orc warrior hits you with a +0 halberd!
* * * LOW HITPOINT WARNING * * *
The gnoll throws a stone.
The stone closely misses you.
The stone barely misses the orc warrior.
You hit the orc warrior but do no damage.
The orc warrior is almost dead.
A gnoll comes into view. It is wielding a +0 flail.
The orc warrior hits you with a +0 halberd!
* * * LOW HITPOINT WARNING * * *
Unknown command.
You closely miss the orc warrior.
The orc warrior is almost dead.
The gnoll shouts!
The orc warrior hits you but does no damage.
Unknown command.
You hit the orc warrior.
The orc warrior is almost dead.
The orc priest mumbles some strange prayers to Beogh against you.
Beogh smites you!
* * * LOW HITPOINT WARNING * * *
The orc warrior misses you. Something hits you but does no damage.
The gnoll throws a stone.
Unknown command.
You barely miss the orc warrior.
The orc warrior is almost dead.
The orc warrior barely misses you. Something hits you but does no damage.
Unknown command.
It was a potion of flight.
You feel very buoyant.
You fly up into the air.
The orc warrior barely misses you. Something hits you.
* * * LOW HITPOINT WARNING * * *
The gnoll throws a stone.
Unknown command.
It was a potion of lignification.
You feel woody for a moment. The orc warrior barely misses you.
Something hits you.
You die...

#..#.##.# #.# ..###..#.##.#
#.# ### .......##.########.#
#.#
#.###..####.#........#####.#
....
#.....o...))................
.$..
#...#.#####.#.############.#
...........# #o#.# #..
....#..### #o#.# ### .......
#@#.# ###o#.########.#.#
#(.......:..#.#.# #..#<#
#g#.# #.# #g# #.# #.# ...
..# ... ... [..!. .).


You could see an orc warrior, an orc priest and 2 gnolls.

Vanquished Creatures
  A gargoyle (D:5)
  Grinder (D:4)
  Sigmund (D:2)
  Eustachio (D:5)
  Edmund (D:5)
  Duvessa (D:5)
  A black bear (D:4)
  A phantom (D:6)
  5 scorpions
  Dowan (D:5)
  2 hounds
  3 orc priests
  4 iguanas
  Crazy Yiuf (D:2)
  2 orc wizards
  8 adders
  A white imp (D:5)
  An ufetubus (D:4)
  5 dart slugs
  8 orcs
  5 endoplasms
  4 giant cockroaches
  6 goblins
  8 hobgoblins
  6 jackals
  4 kobolds
  2 quokkas
  9 ball pythons
  6 bats
  4 frilled lizards
  8 rats
111 creatures vanquished.

Vanquished Creatures (others)
  4 fungi (D:5)
4 creatures vanquished.

Grand Total: 115 creatures vanquished

Notes
Turn   | Place    | Note
-------+----------+-------------------------------------------
     0 | D:1      | OrthodoxDeviant the Ghoul Gladiator began the quest for the
                  | Orb.
     0 | D:1      | Reached XP level 1. HP: 17/17 MP: 0/0
   191 | D:1      | Reached XP level 2. HP: 25/25 MP: 1/1
   407 | D:1      | Reached skill level 3 in Fighting
   515 | D:1      | Reached XP level 3. HP: 21/31 MP: 2/2
   949 | D:2      | Reached XP level 4. HP: 24/38 MP: 3/3
  1162 | D:2      | Noticed Sigmund
  1315 | D:2      | Found a runed translucent door.
  1316 | D:2      | Noticed Crazy Yiuf
  1770 | D:2      | Killed Sigmund
  1771 | D:2      | Reached skill level 5 in Fighting
  1771 | D:2      | Reached XP level 5. HP: 48/48 MP: 4/4
  1771 | D:2      | Reached XP level 6. HP: 56/56 MP: 5/5
  1834 | D:2      | Killed Crazy Yiuf
  2907 | D:4      | Noticed Grinder
  2920 | D:4      | Paralysed by Grinder for 2 turns
  2926 | D:4      | Paralysed by Grinder for 4 turns
  2934 | D:4      | Paralysed by Grinder for 2 turns
  3029 | D:4      | Killed Grinder
  3030 | D:4      | Reached skill level 5 in Axes
  3030 | D:4      | Reached XP level 7. HP: 58/62 MP: 6/6
  3075 | D:4      | Found a radiant altar of Vehumet.
  3089 | D:4      | Reached skill level 6 in Fighting
  3139 | D:4      | Found a shimmering blue altar of Sif Muna.
  3139 | D:4      | Found a snail-covered altar of Cheibriados.
  3566 | D:5      | Entered Level 5 of the Dungeon
  3665 | D:5      | Found an ornate altar of the Wu Jian Council.
  3668 | D:5      | Noticed a gargoyle
  3863 | D:5      | Noticed Eustachio
  3882 | D:5      | Killed Eustachio
  3951 | D:5      | Noticed Edmund
  3966 | D:5      | Killed Edmund
  3967 | D:5      | Reached skill level 7 in Fighting
  3967 | D:5      | Reached XP level 8. HP: 25/73 MP: 7/7
  4272 | D:5      | Found Mitoaded's General Store.
  4298 | D:5      | Bought a scroll of teleportation for 39 gold pieces
  4298 | D:5      | Bought a potion of curing for 39 gold pieces
  4298 | D:5      | Bought a scroll of identify for 26 gold pieces
  4468 | D:5      | Found a shadowy altar of Dithmenos.
  4502 | D:5      | Reached skill level 8 in Fighting
  4741 | D:5      | Killed a gargoyle
  4759 | D:5      | Noticed Dowan
  4760 | D:5      | Noticed Duvessa
  4769 | D:5      | Killed Duvessa
  4770 | D:5      | Reached XP level 9. HP: 60/82 MP: 8/8
  4775 | D:5      | Killed Dowan
  4776 | D:5      | Reached skill level 9 in Fighting
  5146 | D:5      | Found a bloodstained altar of Trog.
  5146 | D:5      | Found a sacrificial altar of Ru.
  5710 | D:6      | HP: 3/84 [something (4)]
  5711 | D:6      | Slain by a gnoll

Illustrated notes

Levels and vault maps discovered:
D:1:      matt_arrival_refuge, layout_loops_ring
D:2:      wander_river, layout_rooms, uniq_sigmund, uniq_crazy_yiuf_cottage
D:3:      layout_loops_ring, nicolae_hexahallways, dk_noncrumbling_2
D:4:      layout_basic, general_overflow_altar,
          gammafunk_temple_overflow_elements, minmay_mini_jars, uniq_grinder
D:5:      layout_basic, mainiacjoe_overflow_chevrons,
          nicolae_dithmenos_through_a_glass_darkly,
          gammafunk_temple_overflow_wave, serial_aquarium,
          aquarium_bridge_straight [aquarium_subvault_bridge,
          aquarium_subvault_window, aquarium_subvault_bridge,
          aquarium_subvault_window], aquarium_bridge_straight
          [aquarium_subvault_bridge, aquarium_subvault_wall,
          aquarium_subvault_bridge, aquarium_subvault_window],
          aquarium_window_2, aquarium_window_corner, aquarium_view_2e,
          serial_shops, nicolae_square_shop, chequers_serial_rivers_micro_d,
          uniq_duvessa, uniq_eustachio, uniq_edmund
D:6:      layout_loops_ring, minmay_temple_entry_glassed_door,
          minmay_small_thing

Skill      XL: |  1  2  3  4  5  6  7  8  9 |
---------------+----------------------------+-----
Axes           | 3 4 5 6 7 8 |  8.1
Fighting       | 3 5 7 8 9 |  9.4
Throwing       | |  1.7
Dodging        | |  2.6

Action                     |  1- 3 |  4- 6 |  7- 9 || total
---------------------------+-------+-------+-------++-------
  Melee: War axe           |   103 |   105 |   219 ||   427
         Punch             |     1 |       |     5 ||     6
  Throw: Throwing net      |       |     2 |     1 ||     3
  Evoke: Wand              |       |     2 |     5 ||     7
    Use: Potion            |       |     1 |     2 ||     3
         Scroll            |       |       |     6 ||     6
 Armour: Leather armour    |    56 |     3 |       ||    59
         Chain mail        |       |    71 |   138 ||   209
  Dodge: Dodged            |    93 |    49 |   109 ||   251

Table legend: (Time is in decaauts)
 A = Elapsed time spent in this place.
 B = Non-inter-level travel time spent in this place.
 C = Inter-level travel time spent in this place.
 D = Time resting spent in this place.
 E = Time spent auto-exploring this place.
 F = Levels seen in this place.
 G = Mean time per level.
                   A        B        C        D        E       F      G
               +--------+--------+--------+--------+--------+-----+--------+
         Total |   5836 |   5288 |    548 |   1048 |   3011 |   6 |  972.7 |
       Dungeon |   5836 |   5288 |    548 |   1048 |   3011 |   6 |  972.7 |
               +--------+--------+--------+--------+--------+-----+--------+

Top non-repeatable levels by time:
     D:5: 1538 daAuts
     D:2: 1221 daAuts
     D:4: 944 daAuts
     D:3: 919 daAuts
     D:1: 842 daAuts
     D:6: 369 daAuts
